 Dungeon Crawl Stone Soup version 0.27-a0-1296-g8ece459b43 (webtiles) character file.

Game seed: 14435868862478193330

238 HAL9000 the Sneak (level 6, -5/30 HPs)
             Began as a Vine Stalker Brigand on June 16, 2021.
             Was an Initiate of Wu Jian.
             Slain by an ogre (24 damage)
             ... on level 3 of the Dungeon.
             The game lasted 00:09:21 (3456 turns).

HAL9000 the Sneak (Vine Stalker Brigand)            Turns: 3456, Time: 00:09:21

Health: -5/30      AC:  3    Str: 16    XL:     6   Next: 7%
Magic:  0/7        EV: 11    Int: 11    God:    Wu Jian [......]
Gold:   80         SH:  3    Dex: 15    Spells: 5/5 levels left

rFire    . . .     SeeInvis .   n - +1 short sword (drain)
rCold    . . .     Faith    .   i - +0 buckler
rNeg     . . .     Spirit   +   b - +0 robe
rPois    .         Reflect  .   (no helmet)
rElec    .         Harm     .   c - +0 cloak
rCorr    .         Rampage  .   (no gloves)
Will     .....                  (no boots)
Stlth    ++++......             (no amulet)
HPRegen  1.10/turn              (no ring)
MPRegen  0.10/turn              (no ring)

@: no status effects
A: fangs 2, regeneration 1, magic shield, antimagic bite, no potion heal 2
a: Renounce Religion


You were on level 3 of the Dungeon.
You worshipped Wu Jian.
Wu Jian was noncommittal.
You visited 1 branch of the dungeon, and saw 4 of its levels.

You collected 80 gold pieces.

Inventory:

Hand Weapons
 a - a +2 dagger
 h - a +0 dagger of freezing
 n - a +1 short sword of draining (weapon)
Missiles
 d - 26 poisoned darts
 e - a curare-tipped dart (quivered)
Armour
 b - a +0 robe (worn)
 c - a +0 cloak (worn)
 i - a +0 buckler (worn)
Scrolls
 f - a scroll of fog
 g - 2 scrolls of identify {unknown}
 j - a scroll of brand weapon {unknown}
 k - 2 scrolls of fear {unknown}
 l - a scroll of vulnerability {unknown}
 m - a scroll of magic mapping {unknown}
 o - a scroll of enchant weapon {unknown}
 q - a scroll of teleportation {unknown}
Potions
 p - 2 potions of degeneration {unknown}
 r - a potion of attraction {unknown}
 s - a potion of haste {unknown}
 t - a potion of flight {unknown}


   Skills:
 - Level 1.7 Fighting
 + Level 4.3 Short Blades
 - Level 1.7 Throwing
 - Level 0.7 Dodging
 - Level 7.0 Stealth


You had 5 spell levels left.
You didn't know any spells.
Your spell library was empty.

Dungeon Overview and Level Annotations

Branches:
Dungeon (4/15)
 Temple: D:4-7

Altars:
Uskayaw
Wu Jian

Shops:
D:1 [*:*:


Innate Abilities, Weirdness & Mutations

You have extremely sharp teeth.
Your natural rate of healing is unusually fast.
When hurt, damage is shared between your health and your magic reserves.
Your bite disrupts and absorbs the magic of your enemies.
Potions cannot restore your health.


Message History

A kobold comes into view. It is wielding a +0 club.
You lunge at the ogre.
You completely miss the ogre. Your bite misses the ogre.
The ogre hits you with a +0 giant spiked club!!
Ouch! That really hurt!
* * * LOW HITPOINT WARNING * * *
The kobold throws a stone.
The stone closely misses you.
Unknown command.
You see here 17 arrows.
You hear the slow rusting of a very distant drain.
You see here a +0 short sword.
You see here 17 stones.
There is a stone staircase leading up here.
The ogre hits you with a +0 giant spiked club!!
Ouch! That really hurt!
* * * LOW HITPOINT WARNING * * *
You climb upwards.
There is a stone staircase leading down here.
Unknown command.
Throw: 2 darts (curare)
Press: ? - help, Q - select action, (/) - cycle Shift-Dir - straight line, f - ogre
Aim: an ogre, wielding a +0 giant spiked club (73% to hit)
You throw a curare-tipped dart. The curare-tipped dart hits the ogre.
The ogre is poisoned.
The ogre convulses.
The ogre seems to slow down.
The ogre is lightly wounded.
The ogre hits you with a +0 giant spiked club!
Ouch! That really hurt!
You hit the ogre.
The ogre is moderately wounded.
Unknown command.
You hit the ogre. You bite the ogre. You drain its power.
You feel invigorated.
The ogre is heavily wounded.
The ogre barely misses you.
You closely miss the ogre. You bite the ogre. You drain its power.
The ogre is severely wounded.
You barely miss the ogre. You bite the ogre, but do no damage.
The ogre is almost dead.
The ogre hits you with a +0 giant spiked club!!
Ouch! That really hurt!
You die...

#.......##.........# ### #....#..
#....#..........##.#######..#.#..
#########...÷).......'_'.).##.#..
#...........###.###'###.##....
####...........###.# #.# #.###†.#
#....###........#..###.###...#..#
.....###.#.......................
##.......#.....##.#...###.....[..
≈#.....###+###..@................
≈#.....#≈≈≈≈≈####O###............
§#.....#≈≈≈≈≈###.........##.##...
≈#.....#≈≈≈≈≈##..................
##.....#≈≈≈≈≈#....##########.###.
.......###'###..### #.# #.
>..............## #.###.
...###.........# #..... ####
#.........# ####..


You could see an ogre (very poisoned, slow).

Vanquished Creatures
  A phantom (D:4)
  A jelly (D:4)
  2 gnolls
  4 adders
  2 worms
  2 dart slugs (D:1)
  3 bats
  4 endoplasms
  4 giant cockroaches
  5 goblins
  5 hobgoblins
  5 jackals
  4 quokkas
  8 ball pythons
  11 frilled lizards
  8 kobolds
  9 rats
78 creatures vanquished.

Notes
Turn   | Place    | Note
-------+----------+-------------------------------------------
     0 | D:1      | HAL9000 the Vine Stalker Brigand began the quest for the
                  | Orb.
     0 | D:1      | Reached XP level 1. HP: 11/11 MP: 2/2
     7 | D:1      | Found Sazeliuverch's Armour Shop.
    45 | D:1      | Reached skill level 5 in Stealth
   158 | D:1      | Reached XP level 2. HP: 6/15 MP: 1/3
   255 | D:1      | Found Dapub's Book Boutique.
   604 | D:1      | Found Dutaq's Book Shoppe.
   674 | D:1      | Found Ewu Kang's General Store.
   679 | D:1      | Reached skill level 6 in Stealth
   867 | D:1      | Reached XP level 3. HP: 18/18 MP: 4/4
   875 | D:1      | Found Plog's General Store.
  2340 | D:2      | Gained mutation: Your natural rate of healing is unusually
                  | fast. [Vine Stalker growth]
  2340 | D:2      | Reached XP level 4. HP: 23/23 MP: 5/5
  2411 | D:2      | Reached skill level 7 in Stealth
  2958 | D:3      | Found an ornate altar of the Wu Jian Council.
  3053 | D:3      | Became a worshipper of the Wu Jian Council
  3138 | D:3      | Reached XP level 5. HP: 26/26 MP: 6/6
  3155 | D:3      | Found a hide-covered altar of Uskayaw.
  3240 | D:4      | Noticed a phantom
  3243 | D:4      | Killed a phantom
  3302 | D:4      | Reached XP level 6. HP: 27/30 MP: 7/7
  3456 | D:3      | Slain by an ogre

Illustrated notes

Levels and vault maps discovered:
D:1:      dpeg_arrival_radiant, layout_rooms, serial_shops,
          nicolae_shop_crystal, shop_statue, nicolae_shop_window_shopping,
          nicolae_lakefront_shop, nicolae_shop_crystal
D:2:      layout_basic, serial_co_window_serial, co_window_of_opportunity_a,
          co_window_of_opportunity_a, co_window_paths_a, co_window_corner_a,
          co_window_corner_a, co_window_cross_3, co_window_broadway_b,
          co_window_broadway_a, co_window_paths_c, co_window_paths_c,
          co_window_4corner_b, glass_columns_b, glass_columns_b,
          glass_columns_b, minmay_lizard_pond
D:3:      layout_rooms, lemuel_doored_altar, general_overflow_altar,
          chequers_serial_rivers_room_b
D:4:      layout_loops_ring, gup_sewer_entry_glass

Skill      XL: |  1  2  3  4  5 |
---------------+----------------+-----
Stealth        | 5 6 7 |  7.0
Short Blades   | 2 4 |  4.3
Fighting       | |  1.7
Throwing       | |  1.7
Dodging        | |  0.7

Action                   |  1- 3 |  4- 6 || total
-------------------------+-------+-------++-------
Melee: Dagger            |   113 |    40 ||   153
       Bite              |    23 |    15 ||    38
       Short sword       |       |    45 ||    45
Throw: Dart              |     8 |     3 ||    11
Invok: Lunge             |       |     3 ||     3
  Use: Scroll            |       |     1 ||     1
 Stab: Sleeping          |     8 |     6 ||    14
Armor: Robe              |    24 |    17 ||    41
Dodge: Dodged            |    74 |    37 ||   111
Block: Buckler           |    12 |     9 ||    21

Table legend: (Time is in decaauts)
 A = Elapsed time spent in this place.
 B = Non-inter-level travel time spent in this place.
 C = Inter-level travel time spent in this place.
 D = Time resting spent in this place.
 E = Time spent auto-exploring this place.
 F = Levels seen in this place.
 G = Mean time per level.
                   A        B        C        D        E       F      G
               +--------+--------+--------+--------+--------+-----+--------+
         Total |   3452 |   3377 |     75 |    494 |   2201 |   4 |  863.0 |
       Dungeon |   3452 |   3377 |     75 |    494 |   2201 |   4 |  863.0 |
               +--------+--------+--------+--------+--------+-----+--------+

Top non-repeatable levels by time:
     D:2: 1494 daAuts
     D:1: 1384 daAuts
     D:3: 354 daAuts
     D:4: 220 daAuts
